AoeStats
← 居合

Fortress

508372678Analyzed
4v4 RM · 10d ago on Sep 22, 2026· 42m 43s· 8 players
Game mode
Random Map
Map size
Huge
Population
200
Speed
Normal
Resources
Standard
Victory
Conquest
Starting age
Dark Age
Ending age
Imperial Age
RankedLock teamsTeams togetherTeam positionsShared explorationLock speedFull tech treeHidden civsTurbo modeCheats
Victory
Defeat
🇺🇸 Malians · United States
918
+13
🇺🇸 Vikings · United States
888
+14
🇺🇸 Gurjaras · United States
863
+15
🇲🇽 Persians · Mexico
778
+19
🇺🇸 Franks · United States
935
-18
🇵🇪 Mongols · Peru
895
-17
🇨🇳 Mongols · China
829
-15
🇲🇽 Khmer · Mexico
737
-11
xXN0SleepXx
6:42 Feudal Age
7:17 Horse Collar
7:27 Double-Bit Axe
14:01 Castle Age
19:06 Gold Mining
19:28 Bow Saw
19:58 Wheelbarrow
20:08 Padded Archer Armor
21:40 Scale Mail Armor
22:46 Forging
22:52 Chain Mail Armor
23:17 Heavy Plow
25:21 Iron Casting
28:56 Imperial Age
28:25 Hand Cart
28:27 Kshatriyas
29:04 Elite Chakram Thrower
30:19 Plate Mail Armor
29:55 Scale Barding Armor
30:24 Caravan
32:03 Gold Shaft Mining
32:06 Crop Rotation
32:26 Chain Barding Armor
32:07 Heavy Camel Rider
32:59 Bloodlines
32:49 Husbandry
34:45 Frontier Guards
34:50 Conscription
34:52 Frontier Guards
34:31 Light Cavalry
38:41 Chemistry
37:11 Hussar
40:50 Plate Barding Armor
defendjuice
8:59 Feudal Age
8:07 Loom
10:04 Double-Bit Axe
11:07 Wheelbarrow
10:44 Gold Mining
15:35 Castle Age
13:48 Forging
13:50 Scale Mail Armor
14:10 Stone Mining
14:26 Fletching
15:50 Horse Collar
17:06 Hand Cart
17:02 Heavy Plow
17:15 Bow Saw
18:19 Gold Shaft Mining
18:54 Stone Shaft Mining
21:45 Iron Casting
21:26 Chain Mail Armor
21:44 Bodkin Arrow
28:58 Imperial Age
28:46 Ballistics
28:46 Masonry
30:44 Crop Rotation
31:22 Conscription
31:38 Plate Mail Armor
31:35 Squires
31:20 Arson
31:47 Scale Barding Armor
32:02 Husbandry
32:13 Bloodlines
33:46 Tigui
33:36 Town Watch
34:03 Elite Gbeto
36:21 Chemistry
35:32 Fortified Wall
35:52 Architecture
35:07 Treadmill Crane
36:30 Chain Barding Armor
37:00 Padded Archer Armor
37:32 Caravan
38:03 Coinage
37:44 Guilds
37:42 Murder Holes
37:41 Heated Shot
38:16 Guard Tower
37:59 Sappers
39:37 Plate Barding Armor
39:17 Leather Archer Armor
39:44 Farimba
40:58 Hoardings
42:10 Keep
42:48 Banking
Formidable Bacon
9:11 Feudal Age
10:29 Double-Bit Axe
13:39 Castle Age
11:35 Horse Collar
16:06 Bow Saw
16:07 Heavy Plow
26:31 Imperial Age
23:51 Loom
23:47 Man-at-Arms
24:16 Gambesons
24:18 Arson
24:35 Squires
25:11 Gold Mining
25:17 Stone Mining
25:30 Long Swordsman
26:12 Scale Mail Armor
27:37 Conscription
26:40 Two-Handed Swordsman
27:52 Chain Mail Armor
27:28 Champion
28:14 Chieftains
29:53 Plate Mail Armor
29:07 Onager
31:17 Forging
34:17 Iron Casting
39:01 Two-Man Saw
40:16 Blast Furnace
39:32 Caravan
Arsaavedra23
9:13 Feudal Age
12:23 Double-Bit Axe
14:51 Castle Age
12:34 Horse Collar
13:58 Wheelbarrow
13:27 Gold Mining
14:24 Stone Mining
17:55 Bow Saw
19:44 Gold Shaft Mining
21:13 Heavy Plow
27:29 Imperial Age
28:09 Caravan
29:44 Elite War Elephant
30:51 Hand Cart
32:32 Chemistry
32:14 Conscription
33:07 Kamandaran
34:10 Scale Barding Armor
34:18 Forging
33:34 Elite Skirmisher
34:32 Husbandry
33:53 Cavalier
36:15 Iron Casting
36:02 Chain Barding Armor
37:47 Plate Barding Armor
40:56 Blast Furnace
40:19 Ballistics
aegilello
9:15 Feudal Age
13:50 Castle Age
11:56 Double-Bit Axe
14:49 Wheelbarrow
14:00 Loom
19:22 Bow Saw
23:43 Stone Mining
23:44 Gold Mining
27:04 Imperial Age
25:31 Hand Cart
25:29 Town Watch
26:53 Husbandry
27:47 Murder Holes
27:15 Cavalier
28:27 Scale Barding Armor
28:33 Forging
30:38 Iron Casting
30:04 Scale Mail Armor
30:25 Chain Barding Armor
30:13 Squires
29:59 Arson
29:36 Pikeman
33:03 Elite Throwing Axeman
34:05 #83
38:29 Halberdier
41:09 Gold Shaft Mining
murphyrh
1:08 Loom
8:59 Feudal Age
13:40 Castle Age
16:51 Caravan
22:28 Double-Bit Axe
23:52 Horse Collar
24:11 Gold Mining
27:47 Bow Saw
34:28 Imperial Age
31:51 Town Watch
32:42 Wheelbarrow
35:51 Heavy Scorpion
35:56 Capped Ram
36:00 Cavalier
36:40 Husbandry
36:51 Bloodlines
36:08 Elite Ballista Elephant
36:50 Tusk Swords
37:11 Conscription
37:48 Coinage
38:53 Chemistry
38:14 Ballistics
38:34 Hand Cart
38:49 Town Patrol
40:09 Scale Barding Armor
40:04 Scale Mail Armor
40:05 Padded Archer Armor
39:55 Fletching
40:16 Forging
40:49 Double Crossbow
43:12 Heavy Plow
asaenzb16_1
5:01 Loom
8:52 Feudal Age
9:28 Horse Collar
10:49 Wheelbarrow
10:16 Double-Bit Axe
12:14 Loom
14:55 Castle Age
13:39 Fletching
13:51 Padded Archer Armor
14:48 Gold Mining
16:05 Bow Saw
16:16 Hand Cart
16:38 Leather Archer Armor
18:56 Thumb Ring
19:56 Heavy Plow
20:12 Bodkin Arrow
29:16 Imperial Age
27:01 Stone Mining
28:38 Fortified Wall
28:51 Ballistics
29:33 Masonry
30:13 Caravan
29:49 Capped Ram
33:36 Chemistry
居合
5:59 Loom
8:00 Feudal Age
8:42 Loom
9:02 Horse Collar
9:08 Double-Bit Axe
13:13 Gold Mining
13:17 Stone Mining
16:13 Castle Age
14:20 Fletching
15:42 Loom
16:33 Wheelbarrow
16:06 Padded Archer Armor
16:13 Scale Barding Armor
20:12 Hand Cart
21:00 Caravan
22:49 Gold Shaft Mining
22:30 Bow Saw
26:54 Imperial Age
24:43 Nomads
26:37 Squires
26:22 Arson
26:37 Bodkin Arrow
27:03 Chain Barding Armor
26:52 Thumb Ring
28:01 Conscription
29:06 Heavy Plow
29:02 Elite Mangudai
31:25 Stone Mining
32:38 Chemistry
31:59 Ballistics
32:29 Bracer
32:45 Leather Archer Armor
35:15 Forging
34:48 Elite Steppe Lancer
35:39 Bloodlines
35:30 Husbandry
39:59 Iron Casting
Connection lost

Rejoining the realm…

Still unreachable

The connection could not be restored.

Session expired

The server has moved on; the page needs a fresh start.